 Dungeon Crawl Stone Soup version 0.31-a0-325-g067879e3d3 (webtiles) character file.

Game seed: 4205252441860880549

2989 Gelion the Grappler (level 9, -1/85 HPs)
             Began as a Troll Shapeshifter on July 19, 2023.
             Was a Follower of Okawaru.
             Slain by Gastronok (33 damage)
             ... on level 8 of the Dungeon.
             The game lasted 00:12:28 (5508 turns).

Gelion the Grappler (Troll Shapeshifter)            Turns: 5508, Time: 00:12:29

Health: -1/85      AC: 14    Str: 31    XL:     9   Next: 53%
Magic:  9/9        EV:  7    Int:  4    God:    Okawaru [*.....]
Gold:   0          SH:  0    Dex: 14    Spells: 8/8 levels left

rFire   . .          .
                       - Unarmed
rCold   . . .        (no shield)
rNeg    . . .        m - +1 storm dragon scales
rPois   .            (helmet currently unavailable)
rElec   +            (cloak currently unavailable)
rCorr   +            (gloves unavailable)
SInv    .            (boots unavailable)
Will    .....        (no amulet) Stlth
                     e - +6 ring of strength
HPRegen 1.14/turn    o - ring of resist corrosion
MPRegen 0.11/turn

%: no passive effects
@: beast-form, weak-willed, on berserk cooldown, slowed, very slow
A: beast (slay +5), large, unfitting armour, claws 3, regeneration 1, shaggy fur
1, tough skin 1
a: Begin Untransformation, Renounce Religion, Heroism


You were on level 8 of the Dungeon.
You worshipped Okawaru.
Okawaru was aware of your devotion.
You were a hulking beast.
You visited 2 branches of the dungeon, and saw 9 of its levels.

Inventory:

Armour
 m - +1 storm dragon scales (worn)
Jewellery
 e - a +6 ring of strength (left claw)
 o - a ring of resist corrosion (right claw)
Talismans
 c - a beast talisman
Wands
 i - a wand of iceblast (6)
 q - a wand of flame (22)
 u - a wand of polymorph (10)
Scrolls
 w - a scroll of revelation
Potions
 a - 2 potions of degeneration {unknown}
 b - 2 potions of lignification
 d - a potion of ambrosia
 f - 3 potions of brilliance {unknown}
 g - 5 potions of curing
 h - a potion of heal wounds
 j - a potion of might
 l - 2 potions of berserk rage
 n - 2 potions of haste {unknown}
 p - a potion of experience {unknown}
 r - a potion of mutation {unknown}
 v - a potion of invisibility {unknown}


   Skills:
 + Level 4.6 Fighting
 + Level 3.9 Armour
 - Level 1.5 Dodging
 * Level 8.0 Unarmed Combat
 + Level 1.7 Invocations
 * Level 7.2 Shapeshifting


You had 8 spell levels left.
You didn't know any spells.
Your spell library contained the following spells:

 Spells                   Type           Power      Damage    Failure   Level
 Magic Dart               Conj           0%         1d3       95%         1
 Cigotuvi's Dreadful Rot  Necr/Pois/Air  0%         N/A       99%         2
 Lesser Beckoning         Tloc           0%         N/A       99%         2
 Gell's Gravitas          Tloc           0%         N/A       100%        3
 Inner Flame              Hex/Fire       0%         N/A       100%        3
 Mephitic Cloud           Conj/Pois/Air  0%         N/A       100%        3
 Ozocubu's Armour         Ice            0%         N/A       100%        3
 Portal Projectile        Hex/Tloc       0%         N/A       100%        3
 Teleport Other           Tloc           0%         N/A       100%        3
 Dispel Undead            Necr           0%         3d6       100%        4
 Flame Wave               Conj/Fire      0%         2d4       100%        4
 Iskenderun's Mystic Bla  Conj/Tloc      0%         2d3       100%        4
 Sticky Flame             Conj/Fire      0%         2d3       100%        4
 Ozocubu's Refrigeration  Ice            0%         4d7       100%        7
 Call Imp                 Summ           Unusable   N/A       N/A         2
 Tukima's Dance           Hex            Unusable   N/A       N/A         3
 Death Channel            Necr           Unusable   N/A       N/A         6

Dungeon Overview and Level Annotations

Branches:
Dungeon (8/15)             Temple (1/1) D:5
   Lair: D:8-11

Altars:
Cheibriados
Dithmenos
Elyvilon
Fedhas
Gozag
Hepliaklqana
Kikubaaqudgha
Nemelex Xobeh
Okawaru
Qazlal
Ru
Sif Muna
Trog
Uskayaw
Vehumet
Wu Jian
Xom
Yredelemnul
Zin
The Shining One

Annotations:
D:8 Gastronok, Maurice


Innate Abilities, Weirdness & Mutations

You are a hulking beast.
Your limbs bulge with bestial killing power. (Slay +5)
You are too large for most types of armour.
You have claws for hands.
Your natural rate of healing is unusually fast.
You are covered in fur. (AC +1)
You have tough skin. (AC +1)


Message History

Something hits you but does no damage.
The gnoll hits you from afar with a +0 spear.
You scratch Gastronok.
Gastronok is heavily wounded.
The bat closely misses you. Something hits you but does no damage.
Gastronok bites you but does no damage. The bat hits you but does no damage.
The gnoll hits you from afar with a +0 spear.
You claw Gastronok!
Gastronok is severely wounded.
The bat barely misses you. x2; Something hits you but does no damage.
The gnoll hits you from afar with a +0 spear.
Gastronok bites you!! The bat hits you but does no damage.
Unknown command.
You scratch Gastronok but do no damage.
Gastronok is severely wounded.
The bat hits you. The bat barely misses you.
Something hits you but does no damage.
The gnoll hits you from afar with a +0 spear.
Something hits you but does no damage. The gnoll barely misses you.
You mangle Gastronok!!
Gastronok is almost dead.
The bat hits you but does no damage. Gastronok bites you!!
* * * LOW HITPOINT WARNING * * *
Something hits you.
* * * LOW HITPOINT WARNING * * *
Something steals your 3 javelins! The gnoll barely misses you.
You feel much better. The bat barely misses you.
Something hits you but does no damage.
The gnoll hits you from afar with a +0 spear.
Gastronok bites you!!
* * * LOW HITPOINT WARNING * * *
You feel much better. The bat barely misses you. Something hits you.
Something steals 359 gold pieces!
You now have 0 gold pieces.
The gnoll hits you but does no damage. Something hits you but does no damage.
The gnoll hits you but does no damage.
You mangle Gastronok!!
Gastronok is almost dead.
The bat hits you but does no damage. Something hits you but does no damage.
Gastronok bites you!!
You die...

.......##...##.....#
#..'....+......+
#..#....#......#
#..##...##.....#
#..###+###.......
#................
#..............w.
#..##..{.........
#..##).hw......#
#....))..b.....##
#......g.........
#..##............
#.. #............ #.
#............. #
#.............
#...........##
#..........)#


You could see Gastronok (weak-willed), a gnoll (weak-willed) and a bat
(summoned, weak-willed).

Vanquished Creatures
  Sigmund (D:2)
  2 wyverns
  2 ice beasts (D:6)
  An orc warrior (D:7)
  2 sky beasts
  A black bear (D:7)
  An ogre (D:6)
  The ghost of Newt the Trooper, an amateur DsGl (D:3)
  A centaur (D:7)
  A bullfrog (D:6)
  5 scorpions
  5 wights (D:7)
  3 killer bees (D:7)
  A howler monkey (D:4)
  3 crimson imps (D:5)
  2 hounds
  A jelly (D:7)
  2 gnoll boudas
  An orc priest (D:5)
  2 sleepcaps
  Ijyb (D:3)
  4 iguanas
  4 orc wizards
  9 gnolls
  12 adders
  A white imp (D:7)
  3 ufetubi (D:5)
  2 worms
  3 dart slugs
  22 orcs
  8 bats
  5 endoplasms
  2 giant cockroaches
  8 hobgoblins
  18 jackals
  5 kobolds
  4 quokkas
  6 ball pythons
  16 goblins
  3 rats
174 creatures vanquished.

Notes
Turn   | Place    | Note
-------+----------+-------------------------------------------
     0 | D:1      | Gelion the Troll Shapeshifter began the quest for the Orb.
     0 | D:1      | Reached XP level 1. HP: 19/19 MP: 0/0
   100 | D:1      | Reached XP level 2. HP: 28/28 MP: 1/1
   450 | D:1      | Reached XP level 3. HP: 35/35 MP: 2/2
   691 | D:2      | Reached skill level 3 in Unarmed Combat
   749 | D:2      | Reached XP level 4. HP: 41/42 MP: 3/3
   759 | D:2      | Noticed Sigmund
   769 | D:2      | Killed Sigmund
   770 | D:2      | Reached skill level 1 in Armour
   770 | D:2      | Reached skill level 4 in Unarmed Combat
   770 | D:2      | Reached XP level 5. HP: 33/50 MP: 4/4
   936 | D:2      | Reached XP level 6. HP: 59/59 MP: 5/5
  1746 | D:3      | Found a runed translucent door.
  1747 | D:3      | Noticed Newt's ghost (amateur DsGl)
  1770 | D:3      | Found a basalt altar of Yredelemnul.
  1838 | D:3      | Found a glowing silver altar of Zin.
  1962 | D:3      | Noticed Ijyb
  1982 | D:3      | Killed Ijyb
  2375 | D:3      | Killed Newt's ghost
  2474 | D:4      | Found a stormy altar of Qazlal.
  2475 | D:4      | Found a sacrificial altar of Ru.
  2480 | D:4      | Found a shadowy altar of Dithmenos.
  2619 | D:4      | Reached XP level 7. HP: 66/66 MP: 6/6
  2827 | D:4      | Found a radiant altar of Vehumet.
  3146 | D:5      | Entered Level 5 of the Dungeon
  3160 | D:5      | Reached skill level 5 in Unarmed Combat
  3160 | D:5      | Reached skill level 5 in Shapeshifting
  3361 | D:5      | Noticed a wyvern
  3366 | D:5      | Found a staircase to the Ecumenical Temple.
  3370 | D:5      | Killed a wyvern
  3590 | D:5      | Found a white marble altar of Elyvilon.
  3736 | D:5      | Found a shimmering altar of Xom.
  3741 | D:5      | Reached XP level 8. HP: 75/75 MP: 7/7
  3775 | D:5      | Found a shimmering blue altar of Sif Muna.
  3866 | D:5      | Reached skill level 6 in Unarmed Combat
  4576 | D:6      | Identified the +0 pair of gloves of Insatiable Hunger
                  | {Slay+3}
  4682 | D:7      | Reached skill level 7 in Unarmed Combat
  4718 | D:7      | Reached XP level 9. HP: 81/84 MP: 8/8
  4796 | Temple   | Entered the Ecumenical Temple
  4805 | Temple   | Became a worshipper of Warmaster Okawaru
  5010 | D:7      | Reached skill level 1 in Invocations
  5120 | D:7      | Reached * piety under Okawaru
  5335 | D:7      | Found an ornate altar of the Wu Jian Council.
  5346 | D:7      | Found a snail-covered altar of Cheibriados.
  5346 | D:7      | Found a hide-covered altar of Uskayaw.
  5357 | D:7      | Found a bloodstained altar of Trog.
  5360 | D:7      | Found a sparkling altar of Nemelex Xobeh.
  5481 | D:8      | Noticed Gastronok
  5481 | D:8      | Noticed Maurice
  5495 | D:8      | Reached skill level 8 in Unarmed Combat
  5508 | D:8      | Slain by Gastronok

Illustrated notes

Levels and vault maps discovered:
D:1:      minmay_arrival_hallway, layout_loops_ring, roderic_roman_lattice
D:2:      layout_basic, minmay_cupped, uniq_sigmund
D:3:      kennysheep_the_goblin_king, layout_basic,
          mainiacjoe_overflow_small_starburst, zin_academy,
          ebering_ghost_sewer_d
D:4:      layout_basic, grunt_temple_overflow_open, vehumet_altar_wand_db
D:5:      layout_loops_cross, led_xom_imps, mainiacjoe_overflow_surrounded_room,
          kennysheep_mini_moat, temple_doors_cd
D:6:      layout_basic
D:7:      layout_rooms, minmay_overflow_temple_star_hex
D:8:      layout_gridville, bloody_makhleb, mainiacjoe_overflow_boulevard,
          serial_shops, nicolae_shop_statue_plus, uniq_gastronok, uniq_maurice
Temple:   nicolae_temple_ecumenical_triangle

Skill      XL: |  1  2  3  4  5  6  7  8  9 |
---------------+----------------------------+-----
Fighting       | 2 3 4 |  4.6
Unarmed Combat | 3 4 5 7 8 |  8.0
Armour         | 1 2 3 |  3.9
Shapeshifting  | 4 5 6 7 |  7.2
Invocations    | 1 |  1.7
Dodging        | |  1.5

Action                     |  1- 3 |  4- 6 |  7- 9 || total
---------------------------+-------+-------+-------++-------
  Melee: Unarmed           |    71 |   142 |   210 ||   423
         Punch             |       |     6 |    10 ||    16
    Use: Scroll            |       |     9 |     6 ||    15
         Potion            |       |       |     3 ||     3
 Armour: Animal skin       |    34 |       |       ||    34
         Storm dragon scal |     4 |    99 |   165 ||   268
  Dodge: Dodged            |    52 |    31 |    77 ||   160

Table legend: (Time is in decaauts)
 A = Elapsed time spent in this place.
 B = Non-inter-level travel time spent in this place.
 C = Inter-level travel time spent in this place.
 D = Time resting spent in this place.
 E = Time spent auto-exploring this place.
 F = Levels seen in this place.
 G = Mean time per level.
                   A        B        C        D        E       F      G
               +--------+--------+--------+--------+--------+-----+--------+
         Total |   5476 |   5069 |    407 |    100 |   3977 |   9 |  608.4 |
       Dungeon |   5457 |   5067 |    390 |    100 |   3977 |   8 |  682.1 |
        Temple |     18 |      2 |     16 |      0 |      0 |   1 |   18.0 |
               +--------+--------+--------+--------+--------+-----+--------+

Top non-repeatable levels by time:
     D:2: 895 daAuts
     D:3: 871 daAuts
     D:5: 861 daAuts
     D:6: 793 daAuts
     D:4: 714 daAuts
     D:1: 648 daAuts
     D:7: 558 daAuts
     D:8: 115 daAuts
  Temple: 18 daAuts
